SA
NIAGARA FALLS EXPOS @ DELAWARE 1787 BC
05/11/2041
 
TOP OF THE 1ST
Niagara Falls Expos batting - Pitching for Delaware 1787 BC : RHP Dario Zorander
Pitching: RHP Dario Zorander
Batting: LHB Allen Harding 0-0: Fly out, F5 (Popup, 5SF, EV 84.4 MPH)
Batting: LHB Conrad Overdevest 0-0: Swinging Strike
0-1: Foul Ball, location: 2F
0-2: Ball
1-2: Fly out, F7 (Flyball, 7LD, EV 103.8 MPH)
Batting: LHB Alex Joly 0-0: Ball
1-0: Called Strike
1-1: Called Strike
1-2: Foul Ball, location: 2F
1-2: Ball
2-2: Ball
3-2: Foul Ball, location: 2F
3-2: Ground out U3 (Groundball, 34, EV 101.9 MPH)
Top of the 1st over - 0 runs, 0 hits, 0 errors, 0 left on base; Niagara Falls 0 - Delaware 0
BOTTOM OF THE 1ST
Delaware 1787 BC batting - Pitching for Niagara Falls Expos : RHP Tony De Jesús
Pitching: RHP Tony De Jesús
Batting: RHB Zhong-yan Zhang 0-0: Foul Ball, location: 2F
0-1: Ball
1-1: Ball
2-1: Called Strike
2-2: Ball
3-2: Strikes out swinging
Batting: RHB Jaime López 0-0: Bunt for hit to 13 - play at first, batter OUT! 1-3
Batting: RHB Eduardo Lucciardi 0-0: Called Strike
0-1: Ball
1-1: Swinging Strike
1-2: Foul Ball, location: 2F
1-2: Strikes out swinging
Bottom of the 1st over - 0 runs, 0 hits, 0 errors, 0 left on base; Niagara Falls 0 - Delaware 0
TOP OF THE 2ND
Niagara Falls Expos batting - Pitching for Delaware 1787 BC : RHP Dario Zorander
Batting: RHB Nick O'Quigley 0-0: Swinging Strike
0-1: Foul Ball, location: 2F
0-2: Foul Ball, location: 2F
0-2: Foul Ball, location: 2F
0-2: Ball
1-2: Ball
2-2: Foul Ball, location: 2F
2-2: Strikes out swinging
Batting: LHB Jack Morton 0-0: Foul Ball, location: 2F
0-1: Ball
1-1: Ball
2-1: Foul Ball, location: 2F
2-2: Fly out, F7 (Flyball, 7S, EV 80.0 MPH)
Batting: RHB Arnie Birand 0-0: Ball
1-0: Foul Ball, location: 2F
1-1: Ball
2-1: Foul Ball, location: 2F
2-2: Ball
3-2: Base on Balls
Batting: RHB Rafael Navia 0-0: Ball
1-0: Swinging Strike
1-1: Called Strike
1-2: Ball
2-2: Foul Ball, location: 2F
2-2: Strikes out swinging
Top of the 2nd over - 0 runs, 0 hits, 0 errors, 1 left on base; Niagara Falls 0 - Delaware 0
BOTTOM OF THE 2ND
Delaware 1787 BC batting - Pitching for Niagara Falls Expos : RHP Tony De Jesús
Batting: RHB César Ferreira 0-0: Ball
1-0: Foul Ball, location: 2F
1-1: Foul Ball, location: 2F
1-2: Ball
2-2: Foul Ball, location: 2F
2-2: Strikes out swinging
Batting: RHB Mike Williams 0-0: Ball
1-0: Called Strike
1-1: Called Strike
1-2: Strikes out swinging
Batting: RHB Justin Schock 0-0: Called Strike
0-1: Ball
1-1: Called Strike
1-2: Strikes out swinging
Bottom of the 2nd over - 0 runs, 0 hits, 0 errors, 0 left on base; Niagara Falls 0 - Delaware 0
TOP OF THE 3RD
Niagara Falls Expos batting - Pitching for Delaware 1787 BC : RHP Dario Zorander
Batting: RHB Edwin Hastings 0-0: Called Strike
0-1: SINGLE (Groundball, 4S, EV 84.4 MPH) (infield hit)
Batting: RHB Jim O'Neal 0-0: Called Strike
0-1: Ball
1-1: Swinging Strike
1-2: Ball
2-2: Strikes out looking
Batting: LHB Allen Harding 0-0: Swinging Strike
0-1: Ball
1-1: 2-RUN HOME RUN (Flyball, 7D, EV 92.5 MPH), Distance : 357 ft
Batting: LHB Conrad Overdevest 0-0: Called Strike
0-1: Foul Ball, location: 2F
0-2: Foul Ball, location: 2F
0-2: Ball
1-2: Strikes out swinging
Batting: LHB Alex Joly 0-0: Called Strike
0-1: Called Strike
0-2: Ball
1-2: Ball
2-2: Strikes out swinging
Top of the 3rd over - 2 runs, 2 hits, 0 errors, 0 left on base; Niagara Falls 2 - Delaware 0
BOTTOM OF THE 3RD
Delaware 1787 BC batting - Pitching for Niagara Falls Expos : RHP Tony De Jesús
Batting: LHB Steve Wheeler 0-0: Ground out 1-3 (Groundball, 34S, EV 88.1 MPH)
Batting: RHB Walt Reed 0-0: Ball
1-0: Ball
2-0: Ball
3-0: Called Strike
3-1: Swinging Strike
3-2: Ground out U3 (Groundball, 34, EV 81.9 MPH)
Batting: LHB Luis Concepción 0-0: Swinging Strike
0-1: Foul Ball, location: 2F
0-2: Fly out, F7 (Flyball, 7S, EV 92.5 MPH)
Bottom of the 3rd over - 0 runs, 0 hits, 0 errors, 0 left on base; Niagara Falls 2 - Delaware 0
TOP OF THE 4TH
Niagara Falls Expos batting - Pitching for Delaware 1787 BC : RHP Dario Zorander
Batting: RHB Nick O'Quigley 0-0: Ground out 6-3 (Groundball, 6M, EV 98.1 MPH)
Batting: LHB Jack Morton 0-0: Ball
1-0: Ball
2-0: Ground out 4-3 (Groundball, 4, EV 80.6 MPH)
Batting: RHB Arnie Birand 0-0: Ball
1-0: SOLO HOME RUN (Flyball, 78XD, EV 97.5 MPH), Distance : 373 ft
Batting: RHB Rafael Navia 0-0: Called Strike
0-1: Ball
1-1: SINGLE (Groundball, 56D, EV 95.6 MPH)
Batting: RHB Edwin Hastings 0-0: Foul Ball, location: 2F
0-1: Ball
1-1: Foul Ball, location: 2F
1-2: SINGLE (Line Drive, 9S, EV 89.4 MPH)
Rafael Navia to second
Runner from 2nd tries for 3rd, SAFE, no throw by RF
Batting: RHB Jim O'Neal 0-0: Fly out, F9 (Flyball, 89S, EV 82.5 MPH)
Top of the 4th over - 1 run, 3 hits, 0 errors, 2 left on base; Niagara Falls 3 - Delaware 0
BOTTOM OF THE 4TH
Delaware 1787 BC batting - Pitching for Niagara Falls Expos : RHP Tony De Jesús
Batting: RHB Zhong-yan Zhang 0-0: Called Strike
0-1: Called Strike
0-2: Ball
1-2: Foul Ball, location: 2F
1-2: Fly out, F4 (Line Drive, 4, EV 75.0 MPH)
Batting: RHB Jaime López 0-0: Called Strike
0-1: Swinging Strike
0-2: Fly out, F8 (Flyball, 8LS, EV 81.9 MPH)
Batting: RHB Eduardo Lucciardi 0-0: Called Strike
0-1: Ball
1-1: Fly out, F4 (Popup, 4D, EV 64.4 MPH)
Bottom of the 4th over - 0 runs, 0 hits, 0 errors, 0 left on base; Niagara Falls 3 - Delaware 0
TOP OF THE 5TH
Niagara Falls Expos batting - Pitching for Delaware 1787 BC : RHP Dario Zorander
Batting: LHB Allen Harding 0-0: Ball
1-0: Fly out, F7 (Flyball, 78S, EV 87.5 MPH)
Batting: LHB Conrad Overdevest 0-0: Ball
1-0: Fly out, F7 (Line Drive, 7, EV 91.2 MPH)
Batting: LHB Alex Joly 0-0: Called Strike
0-1: Foul Ball, location: 2F
0-2: Strikes out swinging
Top of the 5th over - 0 runs, 0 hits, 0 errors, 0 left on base; Niagara Falls 3 - Delaware 0
BOTTOM OF THE 5TH
Delaware 1787 BC batting - Pitching for Niagara Falls Expos : RHP Tony De Jesús
Batting: RHB César Ferreira 0-0: Ball
1-0: Fly out, F9 (Line Drive, 9, EV 107.5 MPH)
Batting: RHB Mike Williams 0-0: Ground out 5-3 (Groundball, 56, EV 81.2 MPH)
Batting: RHB Justin Schock 0-0: Ball
1-0: Called Strike
1-1: Swinging Strike
1-2: DOUBLE (Flyball, 89D, EV 86.9 MPH)
Batting: LHB Steve Wheeler 0-0: Swinging Strike
0-1: Ball
1-1: Called Strike
1-2: Foul Ball, location: 2F
1-2: Ball
2-2: Ground out 4-3 (Groundball, 4, EV 81.9 MPH)
Bottom of the 5th over - 0 runs, 1 hit, 0 errors, 1 left on base; Niagara Falls 3 - Delaware 0
TOP OF THE 6TH
Niagara Falls Expos batting - Pitching for Delaware 1787 BC : RHP Dario Zorander
Batting: RHB Nick O'Quigley 0-0: Ball
1-0: Foul Ball, location: 2F
1-1: Called Strike
1-2: Foul Ball, location: 2F
1-2: Ground out 6-3 (Groundball, 6M, EV 77.5 MPH)
Batting: LHB Jack Morton 0-0: Swinging Strike
0-1: Called Strike
0-2: Strikes out looking
Batting: RHB Arnie Birand 0-0: Foul Ball, location: 2F
0-1: Ball
1-1: Called Strike
1-2: Ball
2-2: Strikes out swinging
Top of the 6th over - 0 runs, 0 hits, 0 errors, 0 left on base; Niagara Falls 3 - Delaware 0
BOTTOM OF THE 6TH
Delaware 1787 BC batting - Pitching for Niagara Falls Expos : RHP Tony De Jesús
Batting: RHB Walt Reed 0-0: Ball
1-0: Foul Ball, location: 2F
1-1: Swinging Strike
1-2: Fly out, F9 (Flyball, 9LS, EV 86.9 MPH)
Batting: LHB Luis Concepción 0-0: Called Strike
0-1: Ball
1-1: Ball
2-1: Called Strike
2-2: Foul Ball, location: 2F
2-2: Foul Ball, location: 2F
2-2: Foul Ball, location: 2F
2-2: Strikes out swinging
Batting: RHB Zhong-yan Zhang 0-0: Ball
1-0: Fly out, F7 (Flyball, 7LSF, EV 97.5 MPH)
Bottom of the 6th over - 0 runs, 0 hits, 0 errors, 0 left on base; Niagara Falls 3 - Delaware 0
TOP OF THE 7TH
Niagara Falls Expos batting - Pitching for Delaware 1787 BC : RHP Dario Zorander
Batting: RHB Rafael Navia 0-0: Called Strike
0-1: Ground out 5-3 (Groundball, 56, EV 81.9 MPH)
Batting: RHB Edwin Hastings 0-0: Called Strike
0-1: SINGLE (Groundball, 56, EV 84.4 MPH) (infield hit)
Pitching: LHP Jon Smith
Batting: RHB Jim O'Neal 0-0: Ball
1-0: Fly out, F3 (Popup, 23F, EV 88.1 MPH)
Batting: LHB Allen Harding 0-0: Swinging Strike
0-1: Foul Ball, location: 2F
0-2: Strikes out swinging
Top of the 7th over - 0 runs, 1 hit, 0 errors, 1 left on base; Niagara Falls 3 - Delaware 0
BOTTOM OF THE 7TH
Delaware 1787 BC batting - Pitching for Niagara Falls Expos : RHP Tony De Jesús
Batting: RHB Jaime López 0-0: Fly out, F9 (Flyball, 9S, EV 80.6 MPH)
Batting: RHB Eduardo Lucciardi 0-0: Called Strike
0-1: Called Strike
0-2: Strikes out swinging
Batting: RHB César Ferreira 0-0: Ball
1-0: Swinging Strike
1-1: Swinging Strike
1-2: Strikes out swinging
Bottom of the 7th over - 0 runs, 0 hits, 0 errors, 0 left on base; Niagara Falls 3 - Delaware 0
TOP OF THE 8TH
Niagara Falls Expos batting - Pitching for Delaware 1787 BC : LHP Jon Smith
Batting: LHB Conrad Overdevest 0-0: Ball
1-0: Ball
2-0: Called Strike
2-1: Ball
3-1: Base on Balls
Batting: LHB Alex Joly 0-0: Called Strike
0-1: Fly out, F1 (Popup, 15, EV 81.9 MPH)
Batting: RHB Nick O'Quigley 0-0: Ball
1-0: Ball
Conrad Overdevest steals 2nd base
2-0: Intentional Walk
Batting: LHB Jack Morton 0-0: Ball
1-0: Ball
2-0: Foul Ball, location: 2F
2-1: Called Strike
2-2: Foul Ball, location: 2F
2-2: Strikes out swinging
Pitching: RHP Khadija Oumar
Batting: RHB Arnie Birand 0-0: Called Strike
0-1: Foul Ball, location: 2F
0-2: Ball
1-2: Ball
2-2: Foul Ball, location: 2F
2-2: Ball
3-2: Strikes out looking
Top of the 8th over - 0 runs, 0 hits, 0 errors, 2 left on base; Niagara Falls 3 - Delaware 0
BOTTOM OF THE 8TH
Delaware 1787 BC batting - Pitching for Niagara Falls Expos : RHP Tony De Jesús
Pitching: LHP Qing-lai Hoong
Batting: RHB Mike Williams 0-0: Called Strike
0-1: Foul Ball, location: 2F
0-2: Ball
1-2: Ball
2-2: Ball
3-2: Strikes out swinging
Batting: RHB Justin Schock 0-0: Ball
1-0: Foul Ball, location: 2F
1-1: Ball
2-1: Ball
3-1: Foul Ball, location: 2F
3-2: Strikes out swinging
Batting: LHB Steve Wheeler 0-0: Foul Ball, location: 2F
0-1: Called Strike
0-2: Strikes out swinging
Bottom of the 8th over - 0 runs, 0 hits, 0 errors, 0 left on base; Niagara Falls 3 - Delaware 0
TOP OF THE 9TH
Niagara Falls Expos batting - Pitching for Delaware 1787 BC : RHP Khadija Oumar
Batting: RHB Rafael Navia 0-0: Ball
1-0: Ball
2-0: Ball
3-0: Swinging Strike
3-1: Ground out U3 (Groundball, 34S, EV 82.5 MPH)
Batting: RHB Edwin Hastings 0-0: Ball
1-0: Called Strike
1-1: Ball
2-1: Foul Ball, location: 2F
2-2: Strikes out looking
Batting: RHB Jim O'Neal 0-0: Called Strike
0-1: Ball
1-1: Called Strike
1-2: Ball
2-2: Ball
3-2: Strikes out swinging
Top of the 9th over - 0 runs, 0 hits, 0 errors, 0 left on base; Niagara Falls 3 - Delaware 0
BOTTOM OF THE 9TH
Delaware 1787 BC batting - Pitching for Niagara Falls Expos : LHP Qing-lai Hoong
Batting: RHB Walt Reed 0-0: Called Strike
0-1: Called Strike
0-2: Foul Ball, location: 2F
0-2: Ball
1-2: Strikes out swinging
Batting: LHB Luis Concepción 0-0: Called Strike
0-1: Ball
1-1: Ball
2-1: Called Strike
2-2: SINGLE (Flyball, 8LS, EV 91.2 MPH)
Batting: RHB Zhong-yan Zhang 0-0: Swinging Strike
0-1: Swinging Strike
0-2: Ball
1-2: Strikes out swinging
Batting: RHB Jaime López 0-0: Ball
1-0: Ball
2-0: Ball
3-0: Called Strike
3-1: Swinging Strike
3-2: 2-RUN HOME RUN (Flyball, 9LD, EV 103.1 MPH), Distance : 329 ft
Batting: RHB Eduardo Lucciardi 0-0: SINGLE (Line Drive, 7S, EV 96.2 MPH)
Pitching: RHP Ricardo Corona
Pinch Hitting: LHB Joey Terry 0-0: Ball
1-0: Ball
2-0: Ball
3-0: SINGLE (Groundball, 34D, EV 106.9 MPH)
Eduardo Lucciardi to second
Runner from 2nd tries for 3rd, SAFE, no throw by RF
Batting: RHB Mike Williams 0-0: Swinging Strike
0-1: Foul Ball, location: 2F
0-2: Ball
1-2: Ball
2-2: Fielders Choice at 2nd, 6-4 (Groundball, 6, EV 101.9 MPH)
Bottom of the 9th over - 2 runs, 4 hits, 0 errors, 2 left on base; Niagara Falls 3 - Delaware 2
Tuesday, January 5th, 2021 - OOTP Baseball 20.8 Build 74